Cogmind - Beta 17 @@@ ROGUE MODE // 2026.06.26 @ 16:36:56 Player: beans Result: Destroyed by Z-Imprinter with Zionite Laser-M Performance ------------- Evolutions (1) 500 Regions Visited (5) 1000 Robots Destroyed (56) 280 Value Destroyed (1042) 1042 Prototype IDs (16) 320 Alien Tech Used (0) 0 Bonus (5300) 5300 TOTAL SCORE: 8442 Bonus ------- Prayed to X0-1V1 5000 Met Imprinter 300 Cogmind --------- Core Integrity 0/400 Matter 214/300 Energy 338/340 System Corruption 0% Temperature Warm (159) Movement Core (800) Ox15 Location -7/Deep Caves Parts ------- > --- POWER (1) -------- Heavy Antimatter Reactor (fused) > --- PROPULSION (2) --- (None) > --- UTILITY (4) ------ Large Storage Unit Improved Dynamic Insulation System (fused) Self-contained Transmogrifier X0-1V1's Piety Tracker > --- WEAPON (2) ------- Heavy Beamcaster (fused) > --- INVENTORY (15) --- Reinforced Ion Engine Heat Sink Small Storage Unit Structural Scanner Improved Sensor Array Core Shielding Phasing AFG Pulse Rifle Pulse Rifle Light Assault Rifle Power Maul Peak State ------------ > --- POWER ------------ Light Angular Momentum Engine > --- PROPULSION ------- (None) > --- UTILITY ---------- Large Storage Unit Advanced Thermal Shield Self-contained Transmogrifier X0-1V1's Piety Tracker > --- WEAPON ----------- Advanced Variable Charge Gun Advanced Variable Charge Gun > --- INVENTORY -------- Reinforced Ion Engine Heat Sink Small Storage Unit Structural Scanner Improved Sensor Array Core Shielding Phasing AFG Pulse Rifle Pulse Rifle Light Assault Rifle Power Maul Heavy Explosive Trap Heavy Explosive Trap Heavy Explosive Trap [Rating: 54] Favorites ----------- Power Nuclear Core Engine Light Angular Momentum Engine Power Core Nuclear Core Reactor Heavy Antimatter Reactor Propulsion Light Treads Treads Light Treads Leg Aluminum Leg Wheel Wheel Hover Unit Hover Unit Flight Unit Flight Unit Utility Large Storage Unit Device X0-1V1's Piety Tracker Storage Large Storage Unit Processor Salvage Targeting Computer Hackware Experimental Hacking Suite Protection Core Shielding Weapon Missile Launcher Energy Gun Advanced Variable Charge Gun Energy Cannon Ion Cannon Ballistic Gun Assault Rifle Ballistic Cannon Heavy Mass Driver Launcher Missile Launcher Special Weapon Plasma Cutter Impact Weapon Heavy Mace Build | -11 -10 -9 -9 -7 -7 ------- Run | Yrd Mat Mat Min Zio Dee Slots Evolved 2 | . . 2 . . . Power . | . . . . . . Propulsion . | . . . . . . Utility 2 | . . 2 . . . Weapon . | . . . . . . Parts Attached 40 | 4 3 28 4 . 1 Power 4 | 1 . 3 . . . Engine 4 | 1 . 3 . . . Core . | . . . . . . Reactor . | . . . . . . Propulsion 9 | 2 . 7 . . . Treads 3 | 2 . 1 . . . Leg 1 | . . 1 . . . Wheel 1 | . . 1 . . . Hover 1 | . . 1 . . . Flight 3 | . . 3 . . . Utility 15 | . 2 10 2 . 1 Device 9 | . 1 5 2 . 1 Storage 1 | . 1 . . . . Processor 3 | . . 3 . . . Hackware . | . . . . . . Protection 2 | . . 2 . . . Artifact . | . . . . . . Weapon 12 | 1 1 8 2 . . Energy Gun 1 | . . 1 . . . Energy Cannon . | . . . . . . Ballistic Gun 8 | 1 1 6 . . . Ballistic Cannon . | . . . . . . Launcher 2 | . . . 2 . . Special Weapon . | . . . . . . Impact Weapon 1 | . . 1 . . . Slashing Weapon . | . . . . . . Piercing Weapon . | . . . . . . Special Melee Weapon . | . . . . . . Unidentified Prototypes 3 | . 1 1 1 . . Parts Lost 26 | . 1 19 4 . 2 Power 2 | . 1 1 . . . Propulsion 9 | . . 8 1 . . Utility 6 | . . 4 1 . 1 Weapon 9 | . . 6 2 . 1 Highest Loss Streak 5 | . 1 5 4 . 1 To Critical Strikes . | . . . . . . Average Backups 9 | . 3 11 10 10 11 Power 1 | . . 1 1 1 1 Propulsion . | . . 1 . . . Utility 4 | . 1 5 5 5 6 Weapon 3 | . 1 3 4 4 4 Tool/Special . | . . . . . . Unused Backups 10 | . . 3 . . 7 Power 1 | . . 1 . . . Propulsion . | . . . . . . Utility 7 | . . 2 . . 5 Weapon 2 | . . . . . 2 Tool/Special . | . . . . . . Average Slot Usage (%) 75 | . 66 83 76 75 76 Engine 4 | . 4 7 . 5 2 Core 4 | . . 1 11 5 7 Treads 4 | . 28 3 . . . Device 22 | . 2 14 26 28 32 Storage 11 | . 13 11 11 11 11 Processor 3 | . . 11 5 2 . Energy Gun 4 | . . 4 . 1 20 Ballistic Gun 5 | . 16 12 . 2 . Launcher 5 | . . . 10 11 1 Special Weapon 1 | . . 2 11 . . Impact Weapon 2 | . . 2 . 3 . Peak Build Rating 54 | 4 19 37 40 54 53 Average Rating 35 | 2 7 24 37 45 50 On Entrance 25 | . 4 19 37 40 52 Avg Prop Armor Cover (%) 3 | . . 3 . . . Naked Turns . | . . . . . . Heaviest Build 53 | 5 26 40 46 53 52 Greatest Support 40 | 40 40 40 3 3 3 Greatest Overweight (x) 17 | . . 9 15 17 17 Average Overweight (x) 6 | . . 2 12 13 13 Largest Inventory Capacity 15 | 5 15 15 15 15 15 Average Capacity 14 | 5 14 15 15 15 15 Most Carried 15 | 4 14 15 15 14 15 Average Carried 11 | . 3 13 13 13 13 Final Capacity 15 | 5 15 15 15 15 15 Final Carried 15 | . 14 15 13 14 11 Transmogrified Parts 43 | . . 4 1 30 8 Integrity Recovered 116 | . . 18 13 58 27 Class Distribution -------------------- 95% | Mutant 4% | Scavenger-Mutant Dominant Class ---------------- Mutant | -10/Materials Mutant | -9/Materials Mutant | -9/Mines Mutant | -7/Zion Mutant | -7/Deep Caves Resources | -11 -10 -9 -9 -7 -7 ----------- Run | Yrd Mat Mat Min Zio Dee Matter Collected 1227 | 155 425 577 . 51 19 Remotely . | . . . . . . Salvage Created 1719 | . 209 1476 15 . 19 Parts 100 | . 19 79 2 . . Haulers Intercepted 2 | . . 2 . . . Recyclers Shooed 3 | . . 3 . . . Parts Field Recycled . | . . . . . . Retrieved Matter . | . . . . . . Parts Self-Destructed 7 | . . . . 7 . Prevented . | . . . . . . Parts Restored . | . . . . . . Kills | -11 -10 -9 -9 -7 -7 ------- Run | Yrd Mat Mat Min Zio Dee Combat Hostiles Destroyed 41 | . 7 28 3 . 3 Melee 3 | . . 3 . . . Guns 29 | . 7 21 . . 1 Cannons 2 | . . 1 1 . . AOE 4 | . . . 2 . 2 Classes Destroyed 11 | . 4 6 . . 1 Worker 6 | . 1 5 . . . Builder 2 | . 1 1 . . . Hauler 2 | . . 2 . . . Recycler 4 | . 1 3 . . . Mechanic 1 | . . 1 . . . Watcher 3 | . . 3 . . . Swarmer 19 | . 7 9 3 . . Grunt 12 | . . 12 . . . Duelist 2 | . . 2 . . . Sentry 5 | . . 5 . . . Assembled 3 | . . . . . 3 Best Kill Streak 14 | . 4 14 3 . 2 Combat Bots Only 9 | . 3 9 3 . 2 Max Kills in Single Turn 2 | . 1 2 1 . 1 Gunslinging 1 | . . 1 . . . Exploded 1 | . . . 1 . 1 Melee 1 | . . 1 . . . Uniques/NPCs Destroyed . | . . . . . . Combat | -11 -10 -9 -9 -7 -7 -------- Run | Yrd Mat Mat Min Zio Dee Hostile Shots Fired 323 | . 70 231 9 . 13 Missed 81 | . 18 61 . . 2 Hits 242 | . 52 170 9 . 11 Melee 8 | . . 8 . . . Projectile 234 | . 52 162 9 . 11 Critical Strikes 6 | . . 6 . . . Actively Blocked 1 | . . 1 . . . Damage Taken 2942 | . 407 2110 166 12 247 Core 690 | . 71 518 27 . 74 Absorbed by Shields . | . . . . . . Redirected to Shielding 105 | . . 105 . . . Core Remaining (%) 85 | 100 71 . . . . Volleys Fired 160 | . 36 109 3 5 7 Largest 2 | . 2 2 2 1 2 Hottest 240 | . 65 123 120 240 162 Shots Fired 268 | . 48 201 4 5 10 Gun 253 | . 48 194 . 5 6 Cannon . | . . . . . . Launcher 6 | . . . 2 . 4 Special 9 | . . 7 2 . . Kinetic 218 | . 47 171 . . . Thermal 29 | . . 16 2 5 6 Explosive 6 | . . . 2 . 4 Electromagnetic 15 | . 1 14 . . . Robot Hit Streak 11 | . 9 11 4 . 7 Robot Miss Streak 14 | . 3 14 1 . 2 Penetration Max . | . . . . . . Secondary Targets 7 | . 1 6 . . . Max Gunslinging Chain 1 | . 1 1 . . . Shots Hit Robots 171 | . 29 134 2 . 6 Core Hits 76 | . 14 57 2 . 3 Critical Kills . | . . . . . . Critical Parts Destroyed 4 | . . 4 . . . Critical Strikes 6 | . . 6 . . . Burn 2 | . . 2 . . . Destroy 1 | . . 1 . . . Smash 3 | . . 3 . . . Melee Attacks 18 | . . 18 . . . Impact 18 | . . 18 . . . Slashing . | . . . . . . Piercing . | . . . . . . Sneak Attacks 3 | . . 3 . . . Combat Hostiles . | . . . . . . Follow-up Attacks . | . . . . . . Damage Inflicted 3242 | . 376 2298 181 . 387 Guns 1904 | . 376 1419 . . 109 Cannons . | . . . . . . Explosions 472 | . . 23 171 . 278 Melee 811 | . . 811 . . . Ramming . | . . . . . . Kinetic 1558 | . 376 1182 . . . Thermal 371 | . . 206 56 . 109 Explosive 403 | . . . 125 . 278 Electromagnetic 99 | . . 99 . . . Impact 811 | . . 811 . . . Slashing . | . . . . . . Piercing . | . . . . . . Highest Corruption . | . . . . . . Average Corruption . | . . . . . . Corruption Purged . | . . . . . . Corruption Blocked . | . . . . . . Overload Shots 4 | . . . . 4 . Overflow Damage 491 | . . 419 36 . 36 Projectiles . | . . . . . . Explosions 72 | . . . 36 . 36 Melee 419 | . . 419 . . . Knockbacks 4 | . . 4 . . . Impact 4 | . . 4 . . . Kinetic . | . . . . . . Secondary . | . . . . . . Self-Inflicted Damage 94 | . . . 94 . . Shots 3 | . . . 3 . . Rammed . | . . . . . . Targets Rammed . | . . . . . . Kicked . | . . . . . . Crushed . | . . . . . . Highest Temperature 408 | . . 259 20 408 212 Average Temperature 69 | . . 42 11 164 72 Received Heat Transfer 771 | . . 666 . . 105 Siege Activations . | . . . . . . Martial Activations . | . . . . . . Shielding Activations . | . . . . . . Robots Disrupted 1 | . . 1 . . . Combat Hostiles 1 | . . 1 . . . Robots Corrupted 3 | . . 3 . . . Combat Hostiles 2 | . . 2 . . . Parts Fried 8 | . . 8 . . . Impact Corruptions 16 | . . 16 . . . Robots Melted 1 | . . 1 . . . Combat Hostiles 1 | . . 1 . . . Parts Melted 5 | . . 5 . . . Heat Transferred 1135 | . . 900 87 . 148 Parts Sabotaged . | . . . . . . Parts Stolen . | . . . . . . Parts Stripped . | . . . . . . Power Chain Reactions 1 | . . 1 . . . Alert | -11 -10 -9 -9 -7 -7 ------- Run | Yrd Mat Mat Min Zio Dee Maximum Alert Level 1 | . . 1 . . . Low Security (%) 99 | 100 100 97 100 . . Level 1 . | . . 2 . . . Level 2 . | . . . . . . Level 3 . | . . . . . . Level 4 . | . . . . . . Level 5 . | . . . . . . High Security . | . . . . . . Max Security . | . . . . . . Peak Influence 206 | . 60 206 134 . . Initial 70 | . . 3 70 . . Average 61 | . 11 105 43 . . Influence Increases 1073 | . 175 794 104 . . Destroy 0b10 Robot/C 760 | . 140 560 60 . . Destroy 0b10 Robot/NC 90 | . 15 75 . . . Destroy Leader 150 | . 20 120 10 . . Disable Machine 30 | . . 15 15 . . Destroy Structure 28 | . . 9 19 . . Lose Combat Pursuer 15 | . . 15 . . . Influence Decreases 1073 | . 166 621 286 . . Entered New Map 118 | . . 6 112 . . Time Decay 755 | . 166 455 134 . . Lost Part 200 | . . 160 40 . . Squads Dispatched 1 | . . 1 . . . Investigation 1 | . . 1 . . . Extermination . | . . . . . . Reinforcement . | . . . . . . Assault . | . . . . . . Garrison . | . . . . . . Intercept . | . . . . . . Searches Triggered . | . . . . . . Construction Impeded . | . . . . . . Haulers Reinforced . | . . . . . . Active Scanning Responses . | . . . . . . Cargo Convoy Interrupts . | . . . . . . Stealth | -11 -10 -9 -9 -7 -7 --------- Run | Yrd Mat Mat Min Zio Dee Distress Signals 5 | . . 5 . . . Communications Jammed . | . . . . . . Distress Signals . | . . . . . . Times Spotted 60 | . 9 45 2 1 3 Peak Tracking Total 7 | . 3 7 2 1 1 Tactical Retreats 1 | . . 1 . . . Traps | -11 -10 -9 -9 -7 -7 ------- Run | Yrd Mat Mat Min Zio Dee Traps Triggered 1 | . . 1 . . . Indirectly . | . . . . . . Trap Hack Attempts . | . . . . . . Triggered . | . . . . . . Disarmed . | . . . . . . Reprogrammed . | . . . . . . Reused . | . . . . . . Traps Extracted . | . . . . . . Installed 3 | . . . . . 3 Triggered . | . . . . . . Most Traps Carried 3 | . . 3 3 3 3 Machines | -11 -10 -9 -9 -7 -7 ---------- Run | Yrd Mat Mat Min Zio Dee Machines Disabled 5 | . . 1 1 3 . Max in Single Turn 1 | . . 1 1 1 . Machines Repaired . | . . . . . . Machines Dismantled . | . . . . . . Machines Sabotaged . | . . . . . . Overloaded Fab Kills . | . . . . . . Hacking | -11 -10 -9 -9 -7 -7 --------- Run | Yrd Mat Mat Min Zio Dee Machines Accessed 1 | . . . 1 . . Terminals . | . . . . . . Fabricators . | . . . . . . Repair Stations . | . . . . . . Recycling Units . | . . . . . . Scanalyzers . | . . . . . . Garrison Access . | . . . . . . Total Hacks 1 | . . . 1 . . Successful 1 | . . . 1 . . Failed . | . . . . . . Catastrophic . | . . . . . . Database Lockouts . | . . . . . . Manual 1 | . 1 . . . . Terminals . | . . . . . . Fabricators . | . . . . . . Repair Stations . | . . . . . . Recycling Units . | . . . . . . Scanalyzers . | . . . . . . Garrison Access . | . . . . . . Terminal Hacks 1 | . . . 1 . . Open Door 1 | . . . 1 . . Fabricator Hacks . | . . . . . . Repair Station Hacks . | . . . . . . Recycling Unit Hacks . | . . . . . . Scanalyzer . | . . . . . . Garrison Access Hacks . | . . . . . . Unauthorized Hacks . | . . . . . . Terminals . | . . . . . . Fabricators . | . . . . . . Repair Stations . | . . . . . . Recycling Units . | . . . . . . Scanalyzers . | . . . . . . Garrison Access . | . . . . . . Data Cores Recovered . | . . . . . . Used . | . . . . . . Hacking Detections . | . . . . . . Full Trace Events . | . . . . . . Feedback Events . | . . . . . . Feedback Blocked . | . . . . . . Robot Schematics Acquired . | . . . . . . Robots Built . | . . . . . . Authchips . | . . . . . . Time . | . . . . . . Total Robot Build Rating . | . . . . . . Part Schematics Acquired . | . . . . . . Parts Built . | . . . . . . Authchips . | . . . . . . Time . | . . . . . . Total Part Build Rating . | . . . . . . Part Studies Acquired . | . . . . . . Parts Repaired . | . . . . . . Time . | . . . . . . Parts Recycled . | . . . . . . Recycled Matter . | . . . . . . Retrieved Matter . | . . . . . . Retrieved Components . | . . . . . . Parts Scanalyzed . | . . . . . . Part Schematics Acquired . | . . . . . . Parts Damaged . | . . . . . . Bothacking | -11 -10 -9 -9 -7 -7 ------------ Run | Yrd Mat Mat Min Zio Dee Used RIF Installer . | . . . . . . Robots Hacked . | . . . . . . Non-combat . | . . . . . . Combat . | . . . . . . Robot Hacks Applied . | . . . . . . Relay Couplers Released . | . . . . . . Fabnet Peak Effective % . | . . . . . . Robots Rewired . | . . . . . . Allies Hacked . | . . . . . . Hacks Repelled . | . . . . . . Allies | -11 -10 -9 -9 -7 -7 -------- Run | Yrd Mat Mat Min Zio Dee Total Allies . | . . . . . . Largest Group . | . . . . . . Highest-Rated Group . | . . . . . . Highest-Rated Ally . | . . . . . . Total Orders . | . . . . . . Ally Attacks . | . . . . . . Total Damage . | . . . . . . Kills . | . . . . . . Allies Corrupted . | . . . . . . Allies Melted . | . . . . . . X0-1V1 Amusement Gains 156 | . 3 24 26 33 70 Good Acts 10 | . 2 8 . . . Bad Acts 2 | . . 2 . . . Intel | -11 -10 -9 -9 -7 -7 ------- Run | Yrd Mat Mat Min Zio Dee Active Infowar (turns) 415 | . . 84 . 331 . Optics 331 | . . . . 331 . Terrain 84 | . . 84 . . . Robot Analysis Total . | . . . . . . Derelict Logs Recovered 2 | . . . . 2 . Drone Launches . | . . . . . . Drone Recoveries . | . . . . . . Exploration | -11 -10 -9 -9 -7 -7 ------------- Run | Yrd Mat Mat Min Zio Dee Turns Passed 6137 | 49 899 1253 435 2658 843 Spaces Moved 1227 | 45 342 319 60 363 98 Core 567 | 27 . 19 60 363 98 Treads 456 | 18 342 96 . . . Legs 79 | . . 79 . . . Wheels 64 | . . 64 . . . Hover 51 | . . 51 . . . Flight 10 | . . 10 . . . Fastest Speed 50 | 50 160 110 600 600 700 Average Speed 417 | 94 160 249 680 723 720 Slowest Speed 900 | 160 160 500 800 900 900 Overloaded Moves . | . . . . . . Propulsion Burnouts . | . . . . . . Robots Hopped . | . . . . . . Potential Cave-ins . | . . . . . . Cave-ins Triggered . | . . . . . . Exploration Rate (%) 32 | 3 61 44 20 51 13 Regions Visited 5 Branch Regions 3 Pre-discovered Areas 1 | . . . . 1 . Known Exits Taken . | . . . . . . Unknown Exits Taken 5 | 1 1 1 1 1 . Scrap Searched 1 | . . . . 1 . Spaces Dug . | . . . . . . Terrain Destroyed 117 | . . 7 23 1 86 Melee . | . . . . . . Projectile 1 | . . . . 1 . AOE 116 | . . 7 23 . 86 Terrain Rammed . | . . . . . . Walls Destroyed . | . . . . . . Machines Disabled . | . . . . . . Actions | -11 -10 -9 -9 -7 -7 --------- Run | Yrd Mat Mat Min Zio Dee Total 1961 | 52 648 552 87 397 225 Wait 465 | . 253 53 18 29 112 Move 1222 | 44 341 318 59 362 98 Hop . | . . . . . . Pick Up 38 | 4 15 15 2 1 1 Fast Attach 2 | . . 2 . . . Attach 30 | 4 2 19 4 . 1 Detach . | . . . . . . Swap 12 | . 1 11 . . . Drop 11 | . . 7 1 . 3 Fire 160 | . 36 109 3 5 7 Melee 18 | . . 18 . . . Ram . | . . . . . . Kick . | . . . . . . Crush . | . . . . . . Escape Stasis . | . . . . . . Rewire . | . . . . . . Trap 3 | . . . . . 3 Miscellaneous . | . . . . . . Route ------- -11/Scrapyard -10/Materials (discovered 3 exits: [*Mat x2] / [*Sub]) -9/Materials (discovered 2 exits: *Min x2) -9/Mines -7/Zion -7/Deep Caves History --------- Turn | Location | Event 3 | -11/Scrapyard | Discovered new exit (range 16) 50 | -11/Scrapyard | Entered Materials 263 | -10/Materials | Discovered new exit (range 10) 307 | -10/Materials | Build established: Mutant 694 | -10/Materials | Discovered new exit (range 6) 750 | -10/Materials | Prayed at D.C.S.S. Altar Unit 830 | -10/Materials | Discovered new exit (range 15) 949 | -10/Materials | Entered another Materials area 949 | -9/Materials | Evolved 2 slots: Utility x2 1133 | -9/Materials | Lost 4 parts (2n2w) 1349 | -9/Materials | Lost 3 parts (3n) 1490 | -9/Materials | Core integrity fell below 50% 1537 | -9/Materials | Core integrity fell below 20% 1561 | -9/Materials | Lost 5 parts (2n3w) 1569 | -9/Materials | Destroyed 9 combat bots 1821 | -9/Materials | Forcibly received Sfc. Transmogifier from X0-1V1 1871 | -9/Materials | X0-1V1 rescued you from certain death 1967 | -9/Materials | Discovered new exit (range 7) 2046 | -9/Materials | Discovered new exit (range 15) 2202 | -9/Materials | Entered Mines 2241 | -9/Mines | Lost 4 parts (1n1u2w) 2367 | -9/Mines | Found the Drone Emporium 2402 | -9/Mines | Found Prototype Device 2403 | -9/Mines | Identified Splice Drone Bay 2548 | -9/Mines | A Derelict revealed a hidden shortcut to a safe place 2637 | -9/Mines | Entered Zion 3364 | -7/Zion | Found Prototype Device 3601 | -7/Zion | Learned Factory terminal intel 4859 | -7/Zion | Met Imprinter 5274 | -7/Zion | Discovered new exit (range 3) 5274 | -7/Zion | Saw the warning signs outside the Deep Caves entrance 5295 | -7/Zion | Entered Deep Caves 6136 | -7/Deep Caves | Attacked by Z-Imprinter 6138 | -7/Deep Caves | Destroyed by Z-Imprinter with Zionite Laser-M Last Messages --------------- Dropped Heavy Explosive Trap. Installed Heavy Explosive Trap. Sfc. Transmogrifier converts Adv. Variable Charge Gun into Dispersion Rifle. Dropped Heavy Explosive Trap. Installed Heavy Explosive Trap. Dropped Heavy Explosive Trap. Installed Heavy Explosive Trap. Sfc. Transmogrifier converts Dispersion Rifle into Imp. Arc Projector. Sfc. Transmogrifier converts Imp. Arc Projector into Wave Gun. Sfc. Transmogrifier converts Lgt. Neutrino Core into Hvy. Antimatter Reactor. NEW_ZION: Z-Facility proximity alert. Z-Imprinter: GET AWAY FROM HERE! I've worked too hard for our future just to have you ruin everything! Wave Gun destroyed. X0-1V1 laughs nastily! Map ----- +----------------------------------------------------+ | | | | | | | | | | | | | | | | | | | | | | | | | | | | | | | | | | | | | | | | | ?????????????????????????????????????????????????? | | ?????????????????????????????????????????????????? | | ?????????????????????????????????????????????????? | | ??????????????????????###????????????????????????? | | ???????????? ??????#; ##?????######???????????? | | ?????????? ## # @#???### ##??????????? | | ?????????? ##### #??????????? | | ?????????? I #??????????? | | ?????????? #???????#### | | ??????????? ##??????## | | ??????????? #???????# | | ????????????"" ##??????# | | ?????????????" ######## | | ?????????????" | | ?????????????" ^ | | ????????????? ^ | | ?????????????? ^######## | | ?????????????? ###??????# # | | ??????????????? ##????????# # | | ????????????????? #?????????# # | | ??????????????????? #?????????# # | | ?????????????????????? ?????????# # | | ???????????????????????? ?????????# # | | ????????????????????????? ?????????# # | | ?????????????????????????? #?????????# # | | ??????????????????????????? ??????????# | | ???????????????????????????? ???????????## | | ??????????????????????????????? ????????????? | | ??????????????????????????????????? ?????????????? | | ?????????????????????????????????????????????????? | +----------------------------------------------------+ Best States ------------- Heat Dissipation 28 Energy Generation 25 Energy Capacity 900 Matter Stores 300 Matter Capacity 300 Sight Range 23 Terrain Scan Range 14 Terrain Scan Density 1010 Additional Mass Support 6 EM Shielding 3 Armor Coverage 150 Resistance: TH 30 Core Shielding 20 Weapon Shielding 66 Evasion (%) 50 Targeting Accuracy 5 Recoil Reduction 2 Salvage Targeting 1 Offensive Hacking 16 Item Schematics ----------------- None Robot Schematics ------------------ None Fabricated ------------ Nothing Repaired ---------- Nothing Studied --------- None Alien Tech Used ----------------- None Achievements -------------- None Challenges ------------ None Game ------ Seed PartitionReactiveAirjet Manual? 0 Play Time 00:16:55 Cumulative 352.9 hours Start 2026.06.26 @ 16:19:20 End 2026.06.26 @ 16:36:56 Sessions 1 Manual Loads 0 Difficulty Rogue Special Mode None Game No. 876 Rogue 874 Adventurer 2 Explorer 0 Win Type - Total 1 Types 1/0/0/0/0/0/0/0/0/0 Lore% 50 Gallery% 67 Achievement% 53 Wizard Run 0 Options --------- Layout 2 ASCII 0 Keyboard 0 Movement Mouse Keybinds 0 Fullscreen 1 Font 24/Smallcaps Map View 50x44 Zoom Use 0% Tactical HUD 0 Map Filters NONE Filters NONE Steam 1 RUN: e088fbd0-4c10-4dad-ac1a-1f4b825cf2e6